 Dungeon Sprint DCSS version 0.23.2-1-ga50397a6bc (webtiles) character file.

Game seed: 10403151519203997697

1678 Morrissey the Spear-Bearer (level 8, -3/78 HPs)
             Began as a Grey Draconian Skald on May 12, 2019.
             Was an Elder of Makhleb.
             Slain by a six-headed hydra (6 damage)
             ... in the Dungeon (Sprint IX: "|||||||||||||||||||||||||||||").
             The game lasted 00:03:25 (931 turns).

Morrissey the Spear-Bearer (Grey Draconian Skald)    Turns: 931, Time: 00:03:26

Health: -3/78      AC: 12    Str: 13    XL:     8   Next: 70%
Magic:  9/14       EV: 17    Int: 17    God:    Makhleb [****..]
Gold:   17         SH:  0    Dex: 16    Spells: 11/15 levels left

rFire    . . .     SeeInvis .   b - +0 spear
rCold    . . .     Gourm    .   (no shield)
rNeg     . . .     Faith    .   (armour unavailable)
rPois    .         Spirit   .   (helmet restricted)
rElec    .         Reflect  .   (no cloak)
rCorr    .         Harm     .   n - +0 pair of gloves
MR       .....     NoTele   +   (no boots)
Stlth    +.........             (no amulet)
HPRegen  0.23/turn              o - +3 ring of dexterity
MPRegen  0.14/turn              p - +3 ring of intelligence

@: no status effects
A: walk through water, unfitting armour, unbreathing, cold-blooded, AC +11
a: Minor Destruction, Lesser Servant of Makhleb, Major Destruction, Renounce
Religion


You were in the Dungeon.
You worshipped Makhleb.
Makhleb was greatly pleased with you.
You were not hungry.

You visited 1 branch You collected 17 gold pieces.

Inventory:

Hand Weapons
 a - a +2 halberd of venom
 b - a +0 spear (weapon)
Armour
 n - a +0 pair of gloves (worn)
Jewellery
 o - a +3 ring of dexterity (left hand)
 p - a +3 ring of intelligence (right hand)
Wands
 l - a wand of iceblast (9)
 s - a wand of random effects (20)
Scrolls
 i - 2 scrolls of blinking
 j - 6 scrolls of remove curse
 k - 2 scrolls of amnesia
 t - a scroll of identify
 u - 2 scrolls of fear
 v - 2 scrolls of enchant armour
Potions
 d - 5 potions of curing
 e - 4 potions of heal wounds
 f - a potion of haste
 g - 4 potions of magic
 q - 2 potions of agility
 r - a potion of resistance


   Skills:
 + Level 9.1 Fighting
 * Level 11.6 Polearms
 + Level 7.8 Dodging
 - Level 4.3 Spellcasting
 - Level 5.7 Hexes
 - Level 7.4 Charms
 + Level 2.3 Invocations


You had 11 spell levels left.
You knew the following spells:

 Your Spells              Type           Power        Failure   Level  Hunger
a - Infusion              Chrm           ####         1%          1    None
b - Spectral Weapon       Hex/Chrm       ####....     3%          3    ###....

Your spell library contained the following spells:

 Spells                   Type           Power        Failure   Level  Hunger
 Song of Slaying          Chrm           ####....     1%          2    ##.....
 Shroud of Golubria       Chrm/Tloc      ###.......   4%          2    ##.....
 Swiftness                Chrm/Air       ###.....     4%          2    ##.....
 Regeneration             Chrm/Necr      ###.......   10%         3    ###....
 Shock                    Conj/Air       #...         16%         1    None
 Static Discharge         Conj/Air       #.......     43%         3    ###....
 Airstrike                Air            #.........   83%         4    ####...
 Lightning Bolt           Conj/Air       #.........   99%         5    ######.


Dungeon Overview and Level Annotations

Branches:
Dungeon (1/1)

Altars:
Cheibriados
Dithmenos
Elyvilon
Fedhas
Gozag
Hepliaklqana
Kikubaaqudgha
Makhleb
Nemelex Xobeh
Okawaru
Qazlal
Ru
Sif Muna
Trog
Uskayaw
Vehumet
Wu Jian
Xom
Yredelemnul
Zin
The Shining One
Beogh
Jiyva
Lugonu


Innate Abilities, Weirdness & Mutations

You can walk through water.
Your dull iron-grey scales are very hard. (AC +11)
You cannot fit into any form of body armour.
You can survive without breathing.
You are cold-blooded and may be slowed by cold attacks.


Message History

Aiming: Iceblast
Press: ? - help, Shift-Dir - straight line, f - six-headed hydra
Aim: a six-headed hydra That beam is likely to hit you.
Continue anyway?
The mass of ice explodes!
The iceblast engulfs the six-headed hydra!
The six-headed hydra is lightly wounded.
The iceblast engulfs the spiny frog!
The spiny frog is severely wounded.
The iceblast engulfs you!
* * * LOW HITPOINT WARNING * * *
The six-headed hydra bites you!
* * * LOW HITPOINT WARNING * * *
The six-headed hydra completely misses you.
The six-headed hydra bites you!
* * * LOW HITPOINT WARNING * * *
The six-headed hydra bites you!
* * * LOW HITPOINT WARNING * * *
The six-headed hydra misses you. The six-headed hydra bites you.
You die...

▓▓▓▓▓▓▓▓▓▓▓▓▓▓▓▓▓▓▓▓▓▓▓▓
.†...........FFD@(.....▓
▓▓▓▓▓▓▓▓▓▓▓▓▓▓▓▓▓▓▓▓▓▓.▓
.......................▓
▓▓▓▓▓▓▓▓▓▓▓▓▓▓▓▓▓▓▓▓▓▓▓▓
______'....))(....÷...<▓
▓▓▓▓▓▓▓▓▓▓▓▓▓▓▓▓▓▓▓▓▓▓▓▓


You could see a six-headed hydra, a spiny frog, a bullfrog and a friendly
spectral +0 spear.

Vanquished Creatures
  An ugly thing (D)
  A gargoyle (D)
  A wraith (D)
  A water moccasin (D)
  A porcupine (D)
  An eye of draining (D)
  A necrophage (D)
  2 centaurs (D)
  A crocodile (D)
  A bullfrog (D)
  A scorpion (D)
  2 howler monkeys (D)
  An orc priest (D)
  An ooze (D)
  An adder skeleton (D)
  A leopard gecko (D)
  2 bat skeletons (D)
  A hobgoblin (D)
  A bat (D)
  A frilled lizard (D)
  A giant cockroach zombie (D)
  A kobold (D)
25 creatures vanquished.

Vanquished Creatures (others)
  A spectral weapon (D)
1 creature vanquished.

Grand Total: 26 creatures vanquished

Notes
Turn   | Place    | Note
-------+----------+-------------------------------------------
     0 | D        | Morrissey the Draconian Skald began the quest for the Orb.
     0 | D        | Reached XP level 1. HP: 17/17 MP: 3/3
    20 | D        | Reached skill level 3 in Polearms
    20 | D        | Reached XP level 2. HP: 16/25 MP: 0/5
    78 | D        | Noticed a centaur
    78 | D        | Noticed a howler monkey
    88 | D        | Killed a howler monkey
    88 | D        | Reached skill level 4 in Polearms
    88 | D        | Reached XP level 3. HP: 33/33 MP: 5/7
    91 | D        | Reached skill level 5 in Polearms
    91 | D        | Reached XP level 4. HP: 40/40 MP: 5/9
    97 | D        | Killed a centaur
    97 | D        | Reached skill level 5 in Fighting
    97 | D        | Reached skill level 6 in Polearms
    97 | D        | Reached XP level 5. HP: 47/48 MP: 5/11
   132 | D        | Found a roughly hewn altar of Beogh.
   132 | D        | Found a snail-covered altar of Cheibriados.
   132 | D        | Found a shadowy altar of Dithmenos.
   132 | D        | Found a white marble altar of Elyvilon.
   132 | D        | Found a blossoming altar of Fedhas.
   132 | D        | Found an opulent altar of Gozag.
   133 | D        | Found a hazy altar of Hepliaklqana.
   134 | D        | Found a viscous altar of Jiyva.
   135 | D        | Found an ancient bone altar of Kikubaaqudgha.
   136 | D        | Found a corrupted altar of Lugonu.
   137 | D        | Found a burning altar of Makhleb.
   138 | D        | Found a sparkling altar of Nemelex Xobeh.
   139 | D        | Found an iron altar of Okawaru.
   140 | D        | Found a stormy altar of Qazlal.
   141 | D        | Found a sacrificial altar of Ru.
   142 | D        | Found a deep blue altar of Sif Muna.
   143 | D        | Found a bloodstained altar of Trog.
   144 | D        | Found a hide-covered altar of Uskayaw.
   145 | D        | Found a radiant altar of Vehumet.
   147 | D        | Became a worshipper of Makhleb the Destroyer
   149 | D        | Found an ornate altar of the Wu Jian Council.
   150 | D        | Found a shimmering altar of Xom.
   151 | D        | Found a basalt altar of Yredelemnul.
   152 | D        | Found a glowing silver altar of Zin.
   153 | D        | Found a glowing golden altar of the Shining One.
   197 | D        | Learned a level 3 spell: Spectral Weapon
   197 | D        | Noticed an eye of draining
   197 | D        | Noticed a centaur
   197 | D        | Noticed a wraith
   205 | D        | HP: 2/48 [wraith (10)]
   212 | D        | Killed a wraith
   212 | D        | Reached skill level 7 in Polearms
   212 | D        | Reached skill level 5 in Dodging
   212 | D        | Reached skill level 5 in Charms
   212 | D        | Reached XP level 6. HP: 46/57 MP: 6/12
   216 | D        | Reached skill level 8 in Polearms
   218 | D        | Reached * piety under Makhleb
   226 | D        | Reached ** piety under Makhleb
   226 | D        | Reached skill level 9 in Polearms
   226 | D        | Your scales start taking on a dull iron-grey colour.
   226 | D        | Reached XP level 7. HP: 32/66 MP: 1/13
   226 | D        | Gained mutation: You can survive without breathing. [Grey
                  | Draconian growth]
   432 | D        | Noticed a green ugly thing
   432 | D        | Noticed a gargoyle
   442 | D        | Killed a green ugly thing
   442 | D        | Reached skill level 10 in Polearms
   443 | D        | Killed a gargoyle
   443 | D        | Reached skill level 5 in Hexes
   443 | D        | Reached XP level 8. HP: 75/75 MP: 11/14
   444 | D        | Reached *** piety under Makhleb
   446 | D        | Reached skill level 11 in Polearms
   570 | D        | Noticed a spiny frog
   571 | D        | Noticed a six-headed hydra
   577 | D        | Reached skill level 1 in Invocations
   580 | D        | Reached **** piety under Makhleb
   580 | D        | Noticed a black mamba
   931 | D        | HP: 3/78 [six-headed hydra (11)]
   931 | D        | Slain by a six-headed hydra

Skill      XL: |  1  2  3  4  5  6  7  8 |
---------------+-------------------------+-----
Polearms       | 3 4 5 6 7 9 10 11 | 11.6
Charms         | 3 4 5 6 7 |  7.4
Fighting       | 3 4 5 6 7 8 9 |  9.1
Dodging        | 3 4 5 6 7 |  7.8
Spellcasting   | 3 4 |  4.3
Hexes          | 2 3 5 |  5.7
Invocations    | 2 |  2.3

Action                   |  1- 3 |  4- 6 |  7- 9 || total
-------------------------+-------+-------+-------++-------
Melee: Spear             |    28 |    10 |    14 ||    52
       Tailslap          |     4 |     6 |     5 ||    15
       Halberd           |       |    25 |    28 ||    53
 Cast: Infusion          |     1 |       |       ||     1
       Spectral Weapon   |       |     1 |     5 ||     6
Evoke: Wand              |       |       |     1 ||     1
  Use: Potion            |     1 |     2 |     2 ||     5
  Eat: Ration            |       |       |     1 ||     1
Armor: Skin              |     3 |    10 |    12 ||    25
Dodge: Dodged            |    18 |    29 |    43 ||    90
